 Dungeon Crawl Stone Soup version 0.20-a0-351-gc9b4002 (console) character file.

2464 nht the Quickloader (level 9, -11/68 HPs)
             Began as a Minotaur Hunter on Dec 26, 2016.
             Was a Follower of Okawaru.
             Killed from afar by a gargoyle (20 damage)
             ... with a stone arrow
             ... on level 7 of the Dungeon.
             The game lasted 00:12:42 (5630 turns).

nht the Quickloader (Minotaur Hunter)               Turns: 5630, Time: 00:12:42

Health: -11/68     AC:  6    Str: 20    XL:     9   Next: 26%
Magic:  6/8        EV: 15    Int: 10    God:    Okawaru [*.....]
Gold:   178        SH:  0    Dex: 11    Spells: 8/8 levels left

rFire  . . .     SeeInvis .     c - +5 short sword (curse)
rCold  . . .     Gourm    .     t - +1 leather armour
rNeg   + . .     Faith    .     (no shield)
rPois  .         Spirit   .     (helmet restricted)
rElec  .         Reflect  .     (no cloak)
rCorr  .         Harm     .     (no gloves)
MR     .....                    (no boots)
Stlth  +++.......               (no amulet)
                                (no ring)
                                x - ring of positive energy

@: heroism, very slightly contaminated, hasted, very quick
A: retaliatory headbutt, horns 2, talons 1, thin metallic scales 1, clever 1
a: Heroism, Renounce Religion


You were on level 7 of the Dungeon.
You worshipped Okawaru.
Okawaru was aware of your devotion.
You were hungry.

You visited 2 branches of the dungeon, and saw 8 of its levels.
You also visited: Ossuary.

You collected 208 gold pieces.
You spent 30 gold pieces at shops.

Inventory:

Hand Weapons
 a - a +0 hand axe
 b - a +2 hand crossbow
 c - a cursed +5 short sword (weapon)
 j - a +0 long sword
Missiles
 d - 13 bolts
Armour
 s - a +0 plate armour
 t - a +1 leather armour (worn)
Jewellery
 x - a ring of positive energy (left hand)
Wands
 n - a wand of paralysis (6/24)
Scrolls
 e - a scroll of remove curse
 k - 3 scrolls of enchant armour
 l - 2 scrolls of teleportation
 m - 4 scrolls of identify
 u - a scroll of fog
 v - 4 scrolls of magic mapping
 C - a scroll of recharging
Potions
 i - 3 potions of brilliance
 o - a potion of cure mutation
 p - 2 potions of ambrosia
 A - 2 potions of flight
 B - a potion of haste
Comestibles
 f - 2 bread rations
 h - 2 beef jerkies
 r - a slice of pizza


   Skills:
 - Level 2.4(7.4) Fighting
 + Level 13.7(18.7) Crossbows
 - Level 2.1(7.1) Dodging
 - Level 0.7(5.7) Stealth


You had 8 spell levels left.
You didn't know any spells.

Dungeon Overview and Level Annotations

Branches:
Dungeon (7/15)             Temple (1/1) D:6

Altars:
Cheibriados
Dithmenos
Hepliaklqana
Kikubaaqudgha
Makhleb
Okawaru
Qazlal
Sif Muna
Trog
Uskayaw
Vehumet
Yredelemnul
Zin
The Shining One

Shops:
D:5 :   D:7 }?

Annotations:
D:3 Grinder


Innate Abilities, Weirdness & Mutations

You reflexively headbutt those who attack you in melee.
You have a pair of horns on your head.
You have sharp toenails.
You are partially covered in thin metallic scales. (AC +2)
Your mind is acute. (Int +2)


Message History

You barely miss the gargoyle. Your headbutt misses the gargoyle.
The hog completely misses you. You furiously retaliate!
You headbutt the hog! You hit the gargoyle but do no damage.
You claw the gargoyle, but do no damage.
The hog barely misses you. The gargoyle hits you with a mace!
* * * LOW HITPOINT WARNING * * *
Okay, then.
As you read the scroll labeled IMAISESILO, it crumbles to dust.
It is a scroll of amnesia.
You feel forgetful for a moment. The hog bites you!
* * * LOW HITPOINT WARNING * * *
Evoke which item? (* to show all) (? for menu, Esc to quit)
Zapping:
n - a wand of paralysis (?/24) {zapped: 9} (will waste charges)
Press: ? - help, Shift-Dir - straight line, f - gargoyle
Aim: a gargoyle, wielding a mace (chance to defeat MR: 28%)
The gargoyle easily resists.
Evoking this partially-identified wand wasted a few charges.
The gargoyle hurls a stone arrow at you.
The stone arrow hits you!
You die...

█.█ █.█████.█
█... █.█
█.......█████.
██.█
██.......█ █.
██..█
█.......█ ██.
█...█
█.......█ █.█
██.██
█.......█ ██.
█.█ █.......█
██ ████.████
█.......█
█...ph@.█
█.......█
█.██W██9█
████.████
█.██.██.████


█)████████ ██.█.......█ █.█......█ █%%p..'....█.██.█ █.█.████.█
█%....█.██.█)██)█ █.█.████∩█ █##h##█......██.█ █.█.█..... █..h.
█..█.████.███.█.█.██.. █.hh. ██.█.█ █............█ You could see a phantom, a
hog, a human and a gargoyle.

Vanquished Creatures
  Sigmund (D:4)
  Menkaure (D:7)
  An ice beast (D:5)
  An orc warrior (D:7)
  A phantom (D:5)
  2 black bears (D:6)
  3 ogres
  A centaur (D:6)
  The ghost of anet the Conjurer, an amateur DEWz (D:3)
  A bullfrog (D:5)
  2 water moccasin zombies (Ossuary)
  3 wights (D:6)
  3 howler monkeys
  A quasit (D:6)
  A bullfrog zombie (D:7)
  3 hounds
  4 orc priests
  A jelly (D:6)
  3 orc wizards
  2 iguanas
  A bullfrog skeleton (D:4)
  A worker ant (D:7)
  5 big kobold zombies (Ossuary)
  2 mummies (Ossuary)
  4 gnolls
  A worker ant zombie (D:5)
  14 adders
  2 oozes (D:3)
  3 adder zombies (Ossuary)
  4 worms
  4 dart slugs
  2 leopard geckos
  14 orcs
  6 giant cockroaches
  3 gnoll zombies (Ossuary)
  6 goblins
  6 hobgoblins
  13 jackals
  2 quokkas (D:2)
  8 bats
  6 frilled lizards
  2 hobgoblin zombies (Ossuary)
  7 kobolds
  5 kobold zombies (Ossuary)
  A leopard gecko zombie (D:5)
  3 orc zombies (Ossuary)
  A quokka skeleton (D:6)
  8 rats
170 creatures vanquished.

Notes
Turn   | Place    | Note
-------+----------+-------------------------------------------
     0 | D:1      | nht the Minotaur Hunter began the quest for the Orb.
     0 | D:1      | Reached XP level 1. HP: 18/18 MP: 0/0
   165 | D:1      | Reached XP level 2. HP: 25/25 MP: 1/1
   220 | D:1      | Reached skill level 5 in Crossbows
   635 | D:2      | Reached XP level 3. HP: 23/30 MP: 2/2
   696 | D:2      | Found a hazy altar of Hepliaklqana.
   720 | D:2      | Reached skill level 6 in Crossbows
   728 | D:2      | Reached XP level 4. HP: 37/37 MP: 3/3
  1255 | D:3      | Reached skill level 7 in Crossbows
  1255 | D:3      | Reached XP level 5. HP: 31/42 MP: 4/4
  1301 | D:3      | Noticed anet's ghost (amateur DEWz)
  1304 | D:3      | Killed anet's ghost
  1552 | D:3      | Reached skill level 8 in Crossbows
  1552 | D:3      | Reached XP level 6. HP: 48/50 MP: 5/5
  1994 | D:4      | Noticed Sigmund
  2026 | D:4      | Gained mutation: Your mind is acute. (Int +2) [potion of mutation]
  2026 | D:4      | Gained mutation: You have sharp toenails. [potion of mutation]
  2026 | D:4      | Gained mutation: You are partially covered in thin metallic scales. (AC +2) [potion of mutation]
  2063 | D:4      | Killed Sigmund
  2063 | D:4      | Reached skill level 9 in Crossbows
  2063 | D:4      | Reached XP level 7. HP: 30/56 MP: 6/6
  2245 | D:4      | Noticed Grinder
  2260 | D:4      | Reached skill level 10 in Crossbows
  2417 | D:4      | Paralysed by Grinder for 4 turns
  2883 | D:5      | Entered Level 5 of the Dungeon
  3169 | D:5      | Found Ripsiore's Book Shop.
  3321 | D:5      | Reached XP level 8. HP: 62/62 MP: 7/7
  3373 | D:5      | Reached skill level 11 in Crossbows
  3746 | D:5      | Found an ancient bone altar of Kikubaaqudgha.
  3903 | D:6      | Found a staircase to the Ecumenical Temple.
  3914 | Temple   | Entered the Ecumenical Temple
  3922 | Temple   | Became a worshipper of Warmaster Okawaru
  3944 | D:6      | Found a sand-covered staircase.
  3949 | Ossuary  | Entered an ossuary
  4011 | Ossuary  | Reached skill level 12 in Crossbows
  4095 | Ossuary  | HP: 3/62 [mummy (11)]
  4218 | D:6      | Found a bloodstained altar of Trog.
  4296 | D:6      | Found a glowing golden altar of the Shining One.
  4565 | D:6      | Reached skill level 13 in Crossbows
  4580 | D:6      | Reached XP level 9. HP: 68/68 MP: 8/8
  4642 | D:6      | Found a glowing silver altar of Zin.
  4901 | D:6      | Found a deep blue altar of Sif Muna.
  5005 | D:7      | Found Fonaoppo's Gadget Emporium.
  5046 | D:7      | Reached * piety under Okawaru
  5111 | D:7      | Found Juicw's Magic Scroll Emporium.
  5114 | D:7      | Bought a scroll of fog for 30 gold pieces
  5162 | D:7      | Noticed Menkaure
  5170 | D:7      | Killed Menkaure
  5276 | D:7      | Noticed a gargoyle
  5630 | D:7      | Killed from afar by a gargoyle

Vault maps used:
D:1:      minmay_arrival_up_and_down, hangedman_decor_clover_reticule
D:2:      overflow_temple_1_default, grunt_ministairs_7
D:4:      minmay_misc_feat_rows, uniq_grinder, uniq_sigmund
D:5:      nicolae_overflow_hidden_temple, first_bread, serial_shops, shop
D:6:      trog_ov_bears_minmay, kennysheep_mini, lemuel_coloured_pillars_altar,
          zin_statuary, enter_ossuary_2
D:7:      serial_shops, nicolae_shop_competitors_out_of_business,
          nicolae_shop_behind_doors, shop, shop, shop, grunt_livestock,
          uniq_menkaure
Temple:   eino_narrow_crystal_temple
Ossuary:  ossuary_tomb_2

Skill      XL: |  1  2  3  4  5  6  7  8 |
---------------+-------------------------+-----
Crossbows      | 5 6 7 8 9 10 13 | 13.7
Fighting       | |  2.4
Dodging        | |  2.1
Stealth        | |  0.7

Action                   |  1- 3 |  4- 6 |  7- 9 || total
-------------------------+-------+-------+-------++-------
Melee: Long sword        |       |       |    15 ||    15
       Short sword       |       |       |    73 ||    73
       Kick              |       |       |    44 ||    44
       Headbutt          |       |       |    22 ||    22
       Hand axe          |       |       |    63 ||    63
 Fire: Hand crossbow     |    64 |   136 |   142 ||   342
Invok: Heroism           |       |       |     1 ||     1
Evoke: Wand              |       |       |     4 ||     4
  Use: Potion            |       |    11 |     9 ||    20
       Scroll            |       |       |    15 ||    15
 Stab: Paralysed         |       |       |     5 ||     5
  Eat: Chunk             |       |     3 |    11 ||    14
Armor: Leather armour    |     3 |    10 |    57 ||    70
       Skin              |       |    18 |       ||    18
Dodge: Dodged            |    10 |    35 |   124 ||   169
       Rpst.: Long sword |       |       |     5 ||     5
